 Dungeon Crawl Stone Soup version 0.29-a0-870-g2c972031a6 (webtiles) character file.

Game seed: 1077637953846467822

8 mathmaestro the Grave Robber (level 2, 20/20 HPs)
             Began as a Demonspawn Necromancer on July 17, 2022.
             Quit the game on level 1 of the Dungeon.
             The game lasted 00:01:09 (350 turns).

mathmaestro the Grave Robber (DsNe)                  Turns: 350, Time: 00:01:10

Health: 20/20      AC:  3    Str:  8    XL:     2   Next: 0%
Magic:  0/5        EV: 11    Int: 16    God:
Gold:   9          SH:  0    Dex: 13    Spells: 4/5 levels left

rFire   . . .      SeeInvis .   g - +0 short sword
rCold   . . .      Faith    .   (no shield)
rNeg    . . .      Spirit   .   f - +0 leather armour
rPois   .          Reflect  .   (no helmet)
rElec   .          Harm     .   (no cloak)
rCorr   .          Rampage  .   (no gloves)
Will    .....                   (no boots)
Stlth   ++........              (no amulet)
HPRegen 0.06/turn               (no ring)
MPRegen 0.09/turn               (no ring)

@: no status effects
A: demonic magic 1
a: no special abilities


You were on level 1 of the Dungeon.
You visited 1 branch of the dungeon, and saw 1 of its levels.

You collected 9 gold pieces.

Inventory:

Hand Weapons
 g - a +0 short sword (weapon)
 h - a +0 dagger
Armour
 f - a +0 leather armour (worn)
Scrolls
 e - 2 scrolls of identify {unknown}
Potions
 a - a potion of curing {unknown}
 b - a potion of magic
 c - a potion of attraction {unknown}
 d - a potion of degeneration {unknown}


   Skills:
 + Level 0.4 Fighting
 + Level 0.3 Armour
 + Level 1.9 Dodging
 + Level 1.9 Stealth
 + Level 2.1 Spellcasting
 + Level 4.4 Necromancy


You had 4 spell levels left.
You knew the following spells:

 Your Spells              Type           Power      Damage    Failure   Level
a - Necrotise             Necr           64%        1d7       4%          1

Your spell library contained the following spells:

 Spells                   Type           Power      Damage    Failure   Level
 Vampiric Draining        Necr           16%        2d7       14%         3
 Animate Dead             Necr           16%        N/A       41%         4
 Agony                    Necr           16%        N/A       77%         5


Dungeon Overview and Level Annotations

Branches:
Dungeon (1/15)

Altars:


Innate Abilities, Weirdness & Mutations

Spells you cast may paralyse adjacent enemies.


Message History

You kill the goblin!
The dead are walking!
You see here a +0 club.
Found a stone staircase leading down.
A kobold comes into view. It is wielding a +0 short sword.
A rat and a hobgoblin come into view.
Your goblin skeleton crumbles into dust!
Found a short sword.
The kobold shouts!
The kobold throws a stone.
The stone hits you but does no damage.
Casting: Necrotise (safe; 4% risk of failure)
Confirm with . or Enter, or press ? or * to list all spells.
Aiming: Necrotise (safe; 4% risk of failure)
Press: ? - help, Shift-Dir - straight line, f - rat
Aim: a rat (chance to affect: 85%)
The rat barely resists.
The hobgoblin shouts!
Casting: Necrotise (safe; 4% risk of failure)
Confirm with . or Enter, or press ? or * to list all spells.
Aiming: Necrotise (safe; 4% risk of failure)
Press: ? - help, Shift-Dir - straight line, f/p - rat
Aim: a rat (chance to affect: 85%)
The rat writhes in agony.
Casting: Necrotise (safe; 4% risk of failure)
Confirm with . or Enter, or press ? or * to list all spells.
Aiming: Necrotise (safe; 4% risk of failure)
Press: ? - help, Shift-Dir - straight line, f/p - rat
Aim: a rat (severely wounded, chance to affect: 85%)
The rat writhes in agony.
You kill the rat!
The dead are walking!
You have reached level 2!
Your demonic ancestry asserts itself...
A menacing aura infuses your magic.
The kobold hits your rat skeleton with a +0 short sword.
The kobold throws a stone.
The stone hits your rat skeleton.
Your rat skeleton misses the kobold.
The kobold hits your rat skeleton with a +0 short sword.
Your rat skeleton is destroyed!
Are you sure you want to abandon this character and quit the game? (Confirm with "yes".)

..#.. #.##..#.#.# ...#
#)........# ## ....# #
#..###.... ....#.#.
#.#.K....# .....#..
####.##.###.### .....#..
.......g...>..# .....#.#
.###....####### .....#.#
####.# .....#.# ## #@#
.....#.# ..# ###.#########
......## #.# #........[...
.......###.###............
.......##...##............
.......##...##..).........
#.......#...####.#########
#.###...#>..##...#
#.##..#........#.#


You could see a hobgoblin and a kobold.

Vanquished Creatures
  A ball python (D:1)
  An endoplasm (D:1)
  2 goblins (D:1)
  A kobold (D:1)
  A rat (D:1)
6 creatures vanquished.

Vanquished Creatures (collateral kills)
  A kobold (D:1)
1 creature vanquished.

Grand Total: 7 creatures vanquished

Notes
Turn   | Place    | Note
-------+----------+-------------------------------------------
     0 | D:1      | mathmaestro the Demonspawn Necromancer began the quest for
                  | the Orb.
     0 | D:1      | Reached XP level 1. HP: 13/13 MP: 3/3
   344 | D:1      | Gained mutation: Spells you cast may paralyse adjacent
                  | enemies. [demonic ancestry]
   344 | D:1      | Reached XP level 2. HP: 20/20 MP: 0/5
   350 | D:1      | Quit the game

Illustrated notes

Levels and vault maps discovered:
D:1:      dpeg_arrival_solitude, layout_basic, dreamdust_ecumenical_altar_grove,
          st_stairs_7, minmay_misc_feat_hallway

Action                   || total
-------------------------++-------
Melee: Club              ||     2
       Short sword       ||     2
       Unarmed           ||     1
 Cast: Necrotise         ||    13
Armor: Leather armour    ||     6
Dodge: Dodged            ||     9

Table legend: (Time is in decaauts)
 A = Elapsed time spent in this place.
 B = Non-inter-level travel time spent in this place.
 C = Inter-level travel time spent in this place.
 D = Time resting spent in this place.
 E = Time spent auto-exploring this place.
 F = Levels seen in this place.
 G = Mean time per level.
                   A        B        C        D        E       F      G
               +--------+--------+--------+--------+--------+-----+--------+
         Total |    349 |    349 |      0 |    105 |    159 |   1 |  349.0 |
       Dungeon |    349 |    349 |      0 |    105 |    159 |   1 |  349.0 |
               +--------+--------+--------+--------+--------+-----+--------+

Top non-repeatable levels by time:
     D:1: 349 daAuts
